 Seeded DCSS version 0.30-a0-920-g7493c07aab (webtiles) character file.

Game seed: 3125986916090331667 (custom seed)

14476 Parcival the Severer (level 11, -3/100 (102) HPs)
             Began as a Minotaur Fighter on Mar 21, 2023.
             Was an Elder of Makhleb.
             Succumbed to an orc warlord's poison
             ... on level 1 of the Orcish Mines.
             The game lasted 00:22:11 (6544 turns).

Parcival the Severer (Minotaur Fighter)             Turns: 6544, Time: 00:22:11

HP:   -3/100 (102)  AC: 35    Str: 35    XL:     11   Next: 89%
MP:   10/10         EV:  9    Int:  5    God:    Makhleb [****..]
Gold: 718           SH:  7    Dex: 19    Spells: 10/10 levels left

rFire   . . .      SeeInvis +    a - +2 war axe (vamp)
rCold   + + .      Faith    .    c - +0 buckler
rNeg    + . .      Spirit   .    j - +15 plate armour of Elitism {Regen+ Str+2 Dex+3}
rPois   .          Reflect  .    (helmet restricted)
rElec   +          Rampage  .    u - +1 cloak
rCorr   .                        (no gloves)
Will    .....                    t - +2 pair of boots of Ymafuuro {+Inv rC++ Str+2 SInv} Stlth
                                 e - amulet "Rutur" {rElec rN+ Regen+}
HPRegen 1.96/turn                g - +6 ring of strength
MPRegen 0.12/turn                r - +6 ring of dexterity

@: lethally poisoned (-3 -> -14), lightly drained
A: horns 2, retaliatory headbutt
a: Renounce Religion, Evoke Invisibility, Minor Destruction, Lesser Servant of
Makhleb, Major Destruction


You were on level 1 of the Orcish Mines.
You worshipped Makhleb.
Makhleb was greatly pleased with you.
You visited 3 branches of the dungeon, and saw 11 of its levels.

You collected 718 gold pieces.

Inventory:

Hand Weapons
 a - a +2 vampiric war axe (weapon)
Missiles
 q - 4 boomerangs of dispersal (quivered)
Armour
 c - a +0 buckler (worn)
 j - the +15 plate armour of Elitism (worn) {Regen+ Str+2 Dex+3}
   (You acquired it on level 2 of the Dungeon)

   Str:       It affects your strength (+2).
   Dex:       It affects your dexterity (+3).
   Regen:     It increases your rate of health regeneration.
 t - the +2 pair of boots of Ymafuuro (worn) {+Inv rC++ Str+2 SInv}
   (You acquired it on level 4 of the Dungeon)

   Str:       It affects your strength (+2).
   rC:        It greatly protects you from cold.
   SInv:      It lets you see invisible.
   +Inv:      It lets you turn invisible.
 u - a +1 cloak (worn)
Jewellery
 e - the amulet "Rutur" (around neck) {rElec rN+ Regen+}
   (You acquired it on level 1 of the Dungeon)

   [amulet of regeneration]

   rElec:     It insulates you from electricity.
   rN:        It protects you from negative energy.
   Regen:     It increases your rate of health regeneration.
 g - a +6 ring of strength (left hand)
 r - a +6 ring of dexterity (right hand)
Wands
 o - a wand of flame (39)
Scrolls
 b - a scroll of poison
 f - a scroll of noise
 p - a scroll of enchant weapon
 y - a scroll of identify
 D - 2 scrolls of vulnerability
Potions
 l - 2 potions of lignification
 m - a potion of brilliance
 n - 3 potions of degeneration
 w - a potion of cancellation
 x - a potion of ambrosia {unknown}
 A - 2 potions of attraction {unknown}
 F - 2 potions of haste {unknown}
Miscellaneous
 H - a condenser vane


   Skills:
 + Level 11.0 Fighting
 + Level 15.9 Axes
 + Level 10.0 Armour
 + Level 1.4 Dodging
 + Level 1.4 Stealth
 + Level 9.8 Shields


You had 10 spell levels left.
You didn't know any spells.
Your spell library contained the following spells:

 Spells                   Type           Power      Damage    Failure   Level
 Sandblast                Erth           0%         2d4       98%         1
 Summon Small Mammal      Summ           0%         N/A       98%         1
 Ensorcelled Hibernation  Hex/Ice        0%         N/A       99%         2
 Passwall                 Tmut/Erth      0%         N/A       99%         2
 Sublimation of Blood     Necr           0%         N/A       99%         2
 Call Canine Familiar     Summ           0%         N/A       100%        3
 Inner Flame              Hex/Fire       0%         N/A       100%        3
 Portal Projectile        Hex/Tloc       0%         N/A       100%        3
 Stone Arrow              Conj/Erth      0%         3d7       100%        3
 Summon Guardian Golem    Hex/Summ       0%         N/A       100%        3
 Swiftness                Air            0%         N/A       100%        3
 Flame Wave               Conj/Fire      0%         2d4       100%        4
 Leda's Liquefaction      Hex/Erth       0%         N/A       100%        4
 Petrify                  Tmut/Erth      0%         N/A       100%        4
 Sticky Flame             Conj/Fire      0%         2d3       100%        4
 Irradiate                Conj/Tmut      0%         3d11      100%        5


Dungeon Overview and Level Annotations

Branches:
Dungeon (9/15)             Temple (1/1) D:5             Orc (1/2) D:9
   Lair: D:8-11

Altars:
Ashenzari
Cheibriados
Dithmenos
Elyvilon
Fedhas
Gozag
Hepliaklqana
Kikubaaqudgha
Makhleb
Nemelex Xobeh
Okawaru
Qazlal
Ru
Sif Muna
Trog
Uskayaw
Vehumet
Wu Jian
Xom
Yredelemnul
Zin
The Shining One

Shops:
D:3 :   D:5 (**?   D:7 :   Orc:1 :


Innate Abilities, Weirdness & Mutations

You have a pair of horns on your head.
You reflexively headbutt those who attack you in melee.


Message History

You block the orc warlord's attack. The sun demon misses you.
The orc sorcerer hits you with a +0 broad axe.
The ice devil hits you but does no damage.
You block the soul eater's attack.
You slash the orc sorcerer!
You feel better.
The orc sorcerer is heavily wounded.
You barely miss the ice devil. You slash the soul eater! You hit the sun demon.
You feel very sick. You block the sun demon's attack.
The orc sorcerer hits you with a +0 broad axe!
The orc warlord hits you but does no damage.
The ice devil hits you. The ice devil freezes you. You resist.
You closely miss the orc sorcerer.
The orc sorcerer is heavily wounded.
You slash the ice devil!
You hit the soul eater but do no damage.
You completely miss the sun demon.
You feel very sick. The soul eater barely misses you. You furiously retaliate!
You headbutt the soul eater! The sun demon hits you.
You are engulfed in flames!
You block the orc warlord's attack. The orc sorcerer misses you.
The ice devil hits you but does no damage.
You feel very sick. The soul eater hits you!
* * * LOW HITPOINT WARNING * * *
You partially resist.
You feel drained.
* * * LOW HITPOINT WARNING * * *
The orc warlord hits you from afar with a +4 bardiche of venom!
* * * LOW HITPOINT WARNING * * *
You are lethally poisoned!
Okay, then.
Really read the scroll of noise?
Okay, then.
* * * LOW HITPOINT WARNING * * *
You feel very sick.
The orc warlord hits you from afar with a +4 bardiche of venom.
* * * LOW HITPOINT WARNING * * *
You are more poisoned.
You die...

.... #........#
....###..#.....#
.....#........^#
...............# ## #
.......$.[....# #)## ..
###......)[[..# ...#.#.
........[))[..# 8.#....
$.........))...##.......
.............)@.3o4.[....
..................3.......
#................o#..[....
................)##.......
#................######.##
#... .............))..###
##### .#. #................#
#...####..
#................####.....#..
##.#..........[...##.#.....#.


You could see an orc warlord, a soul eater (summoned), a sun demon (summoned),
an ice devil (summoned) and an orc sorcerer (strong).

Vanquished Creatures
  Jorgrun (Orc:1)
  2 orc warlords (Orc:1)
  An ogre mage (D:8)
  A two-headed ogre (D:9)
  An orc high priest (Orc:1)
  A deep elf archer (Orc:1)
  A deep elf pyromancer (Orc:1)
  3 deep elf zephyrmancers (Orc:1)
  An orc sorcerer (Orc:1)
  5 trolls
  2 wraiths
  A wyvern (D:8)
  2 steam dragons (D:7)
  A warg (Orc:1)
  4 water moccasins
  13 orc warriors
  2 ice beasts
  4 ogres
  A sky beast (D:6)
  3 black bears
  4 centaurs
  3 kobold brigands
  3 bullfrogs
  2 gnoll sergeants (D:9)
  6 scorpions
  5 wights (D:8)
  5 killer bees (D:8)
  A howler monkey (D:9)
  A hound (D:6)
  5 jellies
  A gnoll bouda (Orc:1)
  5 orc priests
  Crazy Yiuf (D:7)
  4 iguanas
  A sleepcap (D:4)
  Natasha (thrice) (D:2)
  12 orc wizards
  13 gnolls
  7 adders
  3 white imps (D:6)
  A worm (D:2)
  2 dart slugs
  40 orcs
  7 endoplasms
  2 giant cockroaches
  5 hobgoblins
  4 jackals (D:4)
  18 kobolds
  4 quokkas
  9 ball pythons
  4 bats
  2 frilled lizards
  9 goblins
  4 rats
246 creatures vanquished.

Vanquished Creatures (others)
  An orc wizard (Orc:1)
  An orc (D:7)
2 creatures vanquished.

Grand Total: 248 creatures vanquished

Notes
Turn   | Place    | Note
-------+----------+-------------------------------------------
     0 | D:1      | Parcival the Minotaur Fighter began the quest for the Orb.
     0 | D:1      | Reached XP level 1. HP: 19/19 MP: 0/0
    35 | D:1      | Identified a scroll of acquirement
    35 | D:1      | Acquired the amulet "Rutur" {rElec rN+ Regen+}
   173 | D:1      | Reached XP level 2. HP: 24/27 MP: 1/1
   532 | D:1      | Reached skill level 3 in Axes
   532 | D:1      | Reached XP level 3. HP: 31/33 MP: 2/2
   885 | D:2      | Noticed Natasha
   889 | D:2      | Killed Natasha
   890 | D:2      | Reached XP level 4. HP: 41/41 MP: 3/3
   970 | D:2      | Noticed Natasha
   976 | D:2      | Killed Natasha
   977 | D:2      | Reached skill level 4 in Axes
  1121 | D:2      | Noticed Natasha
  1125 | D:2      | Killed Natasha
  1207 | D:2      | Reached XP level 5. HP: 47/47 MP: 4/4
  1323 | D:2      | Acquired the +15 plate armour of Elitism {Regen+ Str+2
                  | Dex+3}
  1655 | D:3      | Found Digoh's Book Boutique.
  1688 | D:3      | Identified the +1 chain mail of Supple Strength {Harm
                  | Str+3}
  1721 | D:3      | Found an iron altar of Okawaru.
  2101 | D:4      | Noticed a water moccasin
  2112 | D:4      | Killed a water moccasin
  2113 | D:4      | Reached skill level 5 in Axes
  2120 | D:4      | Found a hazy altar of Hepliaklqana.
  2143 | D:4      | Reached XP level 6. HP: 55/55 MP: 5/5
  2283 | D:4      | Reached skill level 5 in Fighting
  2283 | D:4      | Reached skill level 6 in Axes
  2283 | D:4      | Acquired the +2 pair of boots of Ymafuuro {+Inv rC++ Str+2
                  | SInv}
  2356 | D:4      | Reached skill level 5 in Shields
  2356 | D:4      | Reached XP level 7. HP: 61/61 MP: 6/6
  2358 | D:4      | Reached skill level 5 in Armour
  2621 | D:5      | Entered Level 5 of the Dungeon
  2631 | D:5      | Reached skill level 7 in Axes
  2659 | D:5      | Found Tuexan's Magic Scroll Boutique.
  2659 | D:5      | Found Keelodoj's General Store.
  2661 | D:5      | Found Istewn's Weapon Boutique.
  2663 | D:5      | Found Kuxiet's Assorted Antiques.
  2699 | D:5      | Reached skill level 8 in Axes
  2699 | D:5      | Reached XP level 8. HP: 70/70 MP: 7/7
  2868 | D:5      | Found a staircase to the Ecumenical Temple.
  3013 | D:5      | Reached skill level 9 in Axes
  3015 | Temple   | Entered the Ecumenical Temple
  3121 | Temple   | Became a worshipper of Makhleb the Destroyer
  3287 | D:6      | Reached skill level 10 in Axes
  3346 | D:6      | Reached XP level 9. HP: 69/79 MP: 8/8
  3391 | D:6      | Noticed a troll
  3396 | D:6      | Killed a troll
  3575 | D:6      | Found an ornate altar of the Wu Jian Council.
  3752 | D:7      | Reached skill level 11 in Axes
  3794 | D:7      | Reached skill level 1 in Stealth
  3837 | D:7      | Reached * piety under Makhleb
  3888 | D:7      | Found Jauttyss's Tremendous Tomes.
  4087 | D:7      | Found a runed translucent door.
  4088 | D:7      | Noticed Crazy Yiuf
  4093 | D:7      | Killed Crazy Yiuf
  4628 | D:8      | Found a transporter.
  4634 | D:8      | Noticed an ogre mage
  4639 | D:8      | Found a transporter.
  4676 | D:8      | Reached skill level 12 in Axes
  4834 | D:8      | Found a sparkling altar of Nemelex Xobeh.
  4882 | D:8      | Reached XP level 10. HP: 90/90 MP: 9/9
  4894 | D:8      | Reached ** piety under Makhleb
  4932 | D:8      | Found a large runed translucent door.
  4933 | D:8      | Found a large runed translucent door.
  4947 | D:8      | Found a shimmering altar of Xom.
  4950 | D:8      | Found a shadowy altar of Dithmenos.
  5286 | D:8      | Found a glowing golden altar of the Shining One.
  5407 | D:8      | Killed an ogre mage
  5408 | D:8      | Reached skill level 13 in Axes
  5590 | D:9      | Found a staircase to the Orcish Mines.
  5606 | D:9      | Reached skill level 1 in Dodging
  5935 | D:9      | Noticed a two-headed ogre
  5949 | D:9      | Killed a two-headed ogre
  6067 | Orc:1    | Entered Level 1 of the Orcish Mines
  6123 | Orc:1    | Noticed a deep elf zephyrmancer
  6126 | Orc:1    | Noticed a deep elf pyromancer
  6126 | Orc:1    | Noticed a deep elf zephyrmancer
  6127 | Orc:1    | Noticed a deep elf zephyrmancer
  6128 | Orc:1    | Identified the +0 chain mail of Teic {Rampage rN+ Int-5}
  6130 | Orc:1    | Noticed a deep elf archer
  6132 | Orc:1    | Reached skill level 14 in Axes
  6132 | Orc:1    | Noticed an orc sorcerer
  6135 | Orc:1    | Noticed an orc high priest
  6136 | Orc:1    | Killed a deep elf zephyrmancer
  6136 | Orc:1    | Reached *** piety under Makhleb
  6137 | Orc:1    | Reached skill level 10 in Fighting
  6138 | Orc:1    | Noticed an orc warlord
  6141 | Orc:1    | Noticed a sun demon
  6145 | Orc:1    | Noticed a rust devil
  6145 | Orc:1    | Killed a deep elf zephyrmancer
  6146 | Orc:1    | Reached XP level 11. HP: 96/99 MP: 10/10
  6146 | Orc:1    | Killed a deep elf zephyrmancer
  6147 | Orc:1    | Killed an orc sorcerer
  6149 | Orc:1    | Noticed an orc sorcerer
  6160 | Orc:1    | Killed a deep elf pyromancer
  6185 | Orc:1    | Noticed an orc warlord
  6218 | Orc:1    | Noticed an orc sorcerer
  6219 | Orc:1    | Noticed an orc warlord
  6310 | Orc:1    | Noticed Jorgrun
  6340 | Orc:1    | Killed an orc warlord
  6341 | Orc:1    | Reached skill level 15 in Axes
  6343 | Orc:1    | Killed Jorgrun
  6422 | Orc:1    | Found Zeerph's Book Shop.
  6461 | Orc:1    | Noticed a soul eater
  6477 | Orc:1    | Killed an orc high priest
  6495 | Orc:1    | Killed an orc warlord
  6520 | Orc:1    | Killed a deep elf archer
  6520 | Orc:1    | Reached **** piety under Makhleb
  6521 | Orc:1    | Reached skill level 10 in Armour
  6526 | Orc:1    | Identified the +4 chain mail of Understanding {+Inv rC+}
  6526 | Orc:1    | Noticed an orc warlord
  6535 | Orc:1    | Noticed a soul eater
  6537 | Orc:1    | Noticed a sun demon
  6543 | Orc:1    | HP: 4/100 [poisoned by an orc warlord]
  6543 | Orc:1    | HP: 1/100 [orc warlord/+4 bardiche of venom (3)]
  6544 | Orc:1    | Succumbed to an orc warlord's poison

Illustrated notes

Levels and vault maps discovered:
D:1:      amcnicky_arrival_single_pillar, layout_loops_cross,
          hangedman_glass_garden
D:2:      layout_loops_ring, dk_vineyard_1, uniq_natasha
D:3:      layout_basic, mainiacjoe_overflow_catwalk, serial_forest,
          infiniplex_forest_zigzag_1, infiniplex_forest_split,
          infiniplex_forest_end_double, infiniplex_forest_lined_room_,
          infiniplex_forest_corner_1, infiniplex_forest_lined_room_2,
          serial_shops, nicolae_shop_hallway_stairs
D:4:      layout_basic, old_standard_altar
D:5:      layout_rooms, minmay_temple_entry_drinking_statues,
          minmay_shop_grid_forest
D:6:      layout_rooms, lemuel_tele_altar, minmay_microvault
D:7:      layout_basic, minmay_misc_feat_hallway, nicolae_shop_i_like_big_books,
          chequers_serial_rivers_large_a, uniq_crazy_yiuf_cottage
D:8:      gammafunk_beogh_shrine, layout_basic,
          mainiacjoe_overflow_six_doors_small, jmf_multi_god_temple2,
          kennysheep_little_box, serial_curves, eino_curves_01, eino_curves_02
D:9:      layout_roguey, orc_0_dummy
Temple:   hellmonk_temple_of_storms
Orc:1:    layout_caves, serial_shops, nicolae_square_shop, lemuel_statue_altar,
          elf_legates, uniq_jorgrun

Skill      XL: |  1  2  3  4  5  6  7  8  9 10 11 |
---------------+----------------------------------+-----
Fighting       | 4 5 7 8 10 11 | 11.0
Armour         | 4 5 6 8 10 | 10.0
Shields        | 4 5 6 7 8 9 |  9.8
Axes           | 3 4 5 6 8 10 12 14 15 | 15.9
Stealth        | 1 |  1.4
Dodging        | 1 |  1.4

Action                     |  1- 3 |  4- 6 |  7- 9 | 10-12 || total
---------------------------+-------+-------+-------+-------++-------
  Melee: War axe           |    45 |    77 |   178 |   177 ||   477
         Headbutt          |     6 |     8 |    30 |    48 ||    92
    Use: Scroll            |     3 |    11 |     7 |     7 ||    28
         Potion            |       |       |       |     8 ||     8
 Armour: Scale mail        |    18 |    10 |       |       ||    28
         Plate armour      |       |    52 |   127 |   214 ||   393
  Dodge: Dodged            |    22 |    19 |    77 |   112 ||   230
  Block: Buckler           |    13 |    32 |    55 |   106 ||   206

Table legend: (Time is in decaauts)
 A = Elapsed time spent in this place.
 B = Non-inter-level travel time spent in this place.
 C = Inter-level travel time spent in this place.
 D = Time resting spent in this place.
 E = Time spent auto-exploring this place.
 F = Levels seen in this place.
 G = Mean time per level.
                   A        B        C        D        E       F      G
               +--------+--------+--------+--------+--------+-----+--------+
         Total |   6584 |   6261 |    323 |     87 |   4249 |  11 |  598.5 |
       Dungeon |   5999 |   5676 |    323 |     78 |   4047 |   9 |  666.6 |
        Temple |    129 |    129 |      0 |      0 |     22 |   1 |  129.0 |
  Orcish Mines |    455 |    455 |      0 |      9 |    180 |   1 |  455.0 |
               +--------+--------+--------+--------+--------+-----+--------+

Top non-repeatable levels by time:
     D:7: 908 daAuts
     D:8: 884 daAuts
     D:2: 785 daAuts
     D:3: 696 daAuts
     D:1: 629 daAuts
     D:9: 586 daAuts
     D:4: 553 daAuts
     D:6: 518 daAuts
   Orc:1: 455 daAuts
     D:5: 437 daAuts
  Temple: 129 daAuts
